[ AOE2 MATCH · #495283033 ]
UnrankedShu vs Poles
Player's team · LOSS
Rival team · WIN
[ REPLAY ANALYSIS · EXTRACTED FROM THE RECORDED GAME ]
Feudal
9:52
Castle
23:28
Imperial
—
| APM avg | 46.8 |
| APM peak | 79 |
| eAPM avg | 26.3 |
| Villagers / military | 137 / 77 |
Focus
⚔️ 31.1% · 🌾 68.9%
Archer ×32 · Unknown (2626) ×22 · Fire Galley ×14 · Galley ×12 · Fishing Ship ×11 · Monk ×7
Feudal
9:15
Castle
24:10
Imperial
41:41
| APM avg | 57.6 |
| APM peak | 107 |
| eAPM avg | 28.2 |
| Villagers / military | 144 / 71 |
Focus
⚔️ 35.2% · 🌾 64.8%
Galley ×18 · Demolition Raft ×17 · Unknown (2626) ×15 · Knight ×11 · Mangonel ×9 · Scout Cavalry ×5
Match map
Initial resources + every placement click. Lines = walls · curves = elevation contours. ◆ gold · ⬟ stone · ● berries · ✦ relic · ◌ wall gap
Your base· ✓ Map-separated
Fool of a Took's base· ✓ Map-separated
Smoothed initial terrain · ◌ = detected wall gap · hover for details
Inputs per minute
— SneakySalmon - - Fool of a Took
Build order — SneakySalmon
First 150 of 371 actions detected
| 0:00 | Create | Villager (Male) |
| 0:01 | Create | Villager (Male) |
| 0:01 | Create | Villager (Male) |
| 0:01 | Create | Villager (Male) |
| 0:01 | Create | Villager (Male) |
| 0:02 | Build | House |
| 0:04 | Build | House |
| 1:38 | Build | Lumber Camp |
| 1:44 | Create | Villager (Male) |
| 1:44 | Create | Villager (Male) |
| 2:09 | Create | Villager (Male) |
| 2:09 | Create | Villager (Male) |
| 2:32 | Create | Villager (Male) |
| 2:32 | Create | Villager (Male) |
| 2:43 | Create | Villager (Male) |
| 2:43 | Create | Villager (Male) |
| 3:22 | Create | Villager (Male) |
| 3:37 | Build | House |
| 3:40 | Create | Villager (Male) |
| 4:03 | Create | Villager (Male) |
| 4:12 | Build | Dock |
| 4:20 | Create | Villager (Male) |
| 4:36 | Build | Palisade Wall |
| 4:37 | Build | Palisade Wall |
| 4:51 | Create | Villager (Male) |
| 4:51 | Create | Villager (Male) |
| 5:11 | Build | House |
| 5:15 | Create | Fishing Ship |
| 5:23 | Create | Villager (Male) |
| 5:41 | Create | Fishing Ship |
| 5:51 | Create | Villager (Male) |
| 6:21 | Create | Villager (Male) |
| 6:25 | Create | Fishing Ship |
| 6:31 | Build | House |
| 6:44 | Create | Villager (Male) |
| 6:45 | Research | Loom |
| 7:26 | Create | Fishing Ship |
| 7:42 | Research | Feudal Age |
| 7:43 | Research | Feudal Age |
| 8:23 | Build | Lumber Camp |
| 8:41 | Build | Mining Camp |
| 9:18 | Build | Barracks |
| 9:49 | Create | Villager (Male) |
| 9:52 | Age | Feudal Age |
| 10:11 | Create | Villager (Male) |
| 10:27 | Build | Archery Range |
| 10:41 | Create | Villager (Male) |
| 10:51 | Create | Archer |
| 10:52 | Create | Archer |
| 11:09 | Create | Archer |
| 11:23 | Create | Villager (Male) |
| 11:23 | Create | Villager (Male) |
| 11:23 | Create | Villager (Male) |
| 11:41 | Create | Archer |
| 11:45 | Build | House |
| 11:48 | Create | Archer |
| 12:06 | Build | House |
| 12:12 | Build | Blacksmith |
| 12:14 | Create | Fishing Ship |
| 12:26 | Create | Archer |
| 12:27 | Create | Villager (Male) |
| 12:40 | Build | Watch Tower |
| 13:03 | Research | Fletching |
| 13:04 | Create | Villager (Male) |
| 13:09 | Create | Archer |
| 13:10 | Create | Villager (Male) |
| 13:31 | Build | Mining Camp |
| 13:32 | Create | Villager (Male) |
| 13:34 | Create | Villager (Male) |
| 13:38 | Create | Archer |
| 13:55 | Create | Archer |
| 14:08 | Create | Villager (Male) |
| 14:08 | Create | Villager (Male) |
| 14:54 | Create | Villager (Male) |
| 14:55 | Create | Archer |
| 15:14 | Create | Villager (Male) |
| 15:40 | Create | Villager (Male) |
| 15:44 | Create | Fishing Ship |
| 15:55 | Create | Villager (Male) |
| 16:04 | Build | Dock |
| 16:08 | Build | Lumber Camp |
| 16:09 | Create | Fishing Ship |
| 16:16 | Create | Archer |
| 16:18 | Create | Villager (Male) |
| 16:37 | Create | Skirmisher |
| 16:47 | Build | House |
| 17:14 | Create | Skirmisher |
| 17:27 | Build | Mill |
| 17:34 | Create | Fishing Ship |
| 18:02 | Create | Unit 2626 |
| 18:02 | Create | Unit 2626 |
| 18:03 | Create | Villager (Male) |
| 18:05 | Create | Unit 2626 |
| 18:11 | Build | House |
| 18:34 | Create | Archer |
| 19:04 | Create | Villager (Male) |
| 19:15 | Create | Fishing Ship |
| 19:15 | Create | Fishing Ship |
| 19:16 | Create | Fishing Ship |
| 19:41 | Create | Villager (Male) |
| 19:43 | Build | House |
| 19:48 | Create | Unit 2626 |
| 20:01 | Create | Archer |
| 20:07 | Build | House |
| 20:38 | Build | Dock |
| 20:48 | Research | Castle Age |
| 20:48 | Research | Castle Age |
| 20:56 | Create | Unit 2626 |
| 20:57 | Create | Unit 2626 |
| 21:27 | Create | Archer |
| 21:27 | Create | Archer |
| 21:39 | Research | Tech 906 |
| 21:47 | Research | Tech 906 |
| 21:49 | Create | Unit 2626 |
| 21:49 | Create | Unit 2626 |
| 22:07 | Create | Villager (Male) |
| 22:08 | Create | Villager (Male) |
| 22:19 | Create | Unit 2626 |
| 22:20 | Create | Unit 2626 |
| 22:25 | Create | Archer |
| 22:25 | Create | Archer |
| 22:49 | Create | Archer |
| 23:07 | Build | Dock |
| 23:23 | Build | House |
| 23:28 | Age | Castle Age |
| 23:34 | Research | War Galley (upgrade) |
| 23:36 | Research | Double-Bit Axe |
| 23:46 | Research | Bodkin Arrow |
| 24:14 | Create | Unit 2626 |
| 24:14 | Create | Unit 2626 |
| 24:14 | Create | Unit 2626 |
| 24:15 | Create | Unit 2626 |
| 24:21 | Research | Bow Saw |
| 24:56 | Create | Villager (Male) |
| 24:56 | Create | Villager (Male) |
| 24:57 | Create | Villager (Male) |
| 25:10 | Create | Fire Galley |
| 25:10 | Create | Fire Galley |
| 25:11 | Create | Fire Galley |
| 25:11 | Create | Fire Galley |
| 25:11 | Create | Fire Galley |
| 25:11 | Create | Fire Galley |
| 25:12 | Create | Fire Galley |
| 25:12 | Create | Fire Galley |
| 25:15 | Build | House |
| 25:18 | Build | House |
| 25:29 | Create | Unit 2626 |
| 25:29 | Create | Unit 2626 |
| 25:29 | Create | Unit 2626 |
| 25:30 | Create | Unit 2626 |
Build order — Fool of a Took
First 150 of 385 actions detected
| 0:00 | Create | Villager (Male) |
| 0:00 | Create | Villager (Male) |
| 0:00 | Create | Villager (Male) |
| 0:02 | Build | House |
| 0:02 | Build | House |
| 0:14 | Create | Villager (Male) |
| 1:22 | Create | Villager (Male) |
| 1:22 | Create | Villager (Male) |
| 1:34 | Create | Villager (Male) |
| 1:35 | Create | Villager (Male) |
| 1:58 | Build | Lumber Camp |
| 2:16 | Create | Villager (Male) |
| 2:43 | Create | Villager (Male) |
| 2:44 | Create | Villager (Male) |
| 3:11 | Create | Villager (Male) |
| 3:31 | Create | Villager (Male) |
| 3:31 | Create | Villager (Male) |
| 3:31 | Create | Villager (Male) |
| 3:54 | Build | House |
| 4:25 | Build | House |
| 4:34 | Create | Villager (Male) |
| 4:34 | Create | Villager (Male) |
| 4:34 | Create | Villager (Male) |
| 4:40 | Build | Mill |
| 5:44 | Create | Villager (Male) |
| 6:13 | Create | Villager (Male) |
| 6:22 | Research | Loom |
| 7:02 | Research | Feudal Age |
| 7:42 | Build | House |
| 7:51 | Create | Villager (Male) |
| 8:06 | Create | Villager (Male) |
| 8:25 | Create | Villager (Male) |
| 8:57 | Create | Villager (Male) |
| 9:15 | Age | Feudal Age |
| 9:17 | Build | Mining Camp |
| 9:20 | Build | Watch Tower |
| 9:24 | Build | Stone Wall |
| 9:25 | Build | Stone Wall |
| 9:26 | Build | Stone Wall |
| 9:27 | Build | Stone Wall |
| 9:32 | Create | Villager (Male) |
| 9:34 | Research | Double-Bit Axe |
| 10:01 | Create | Villager (Male) |
| 10:10 | Build | Barracks |
| 10:21 | Create | Villager (Male) |
| 10:42 | Create | Spearman |
| 10:51 | Build | House |
| 10:53 | Create | Spearman |
| 11:03 | Build | Watch Tower |
| 11:06 | Build | Blacksmith |
| 11:31 | Create | Villager (Male) |
| 11:41 | Create | Villager (Male) |
| 11:52 | Build | Archery Range |
| 11:59 | Create | Villager (Male) |
| 12:20 | Create | Villager (Male) |
| 12:26 | Build | Watch Tower |
| 12:53 | Research | Fletching |
| 13:24 | Create | Villager (Male) |
| 13:32 | Build | Farm |
| 13:33 | Build | Farm |
| 13:36 | Build | Farm |
| 13:37 | Build | Farm |
| 13:39 | Build | Palisade Gate |
| 13:46 | Build | House |
| 13:48 | Create | Villager (Male) |
| 13:58 | Create | Archer |
| 13:58 | Create | Archer |
| 13:58 | Create | Archer |
| 14:15 | Create | Villager (Male) |
| 14:28 | Create | Villager (Male) |
| 14:44 | Create | Archer |
| 14:45 | Create | Villager (Male) |
| 14:51 | Create | Villager (Male) |
| 14:55 | Create | Villager (Male) |
| 15:12 | Create | Villager (Male) |
| 15:24 | Create | Villager (Male) |
| 15:27 | Create | Villager (Male) |
| 15:35 | Build | Lumber Camp |
| 15:42 | Create | Skirmisher |
| 16:12 | Create | Villager (Male) |
| 16:29 | Create | Villager (Male) |
| 16:33 | Build | Dock |
| 16:38 | Build | Mill |
| 16:38 | Build | Farm |
| 16:39 | Build | Farm |
| 16:40 | Build | Farm |
| 16:50 | Create | Skirmisher |
| 16:55 | Build | Watch Tower |
| 17:07 | Create | Unit 2626 |
| 17:08 | Create | Unit 2626 |
| 17:08 | Create | Unit 2626 |
| 17:13 | Build | Farm |
| 17:18 | Build | House |
| 17:19 | Build | Palisade Wall |
| 17:24 | Build | Farm |
| 17:44 | Build | Lumber Camp |
| 17:46 | Build | Palisade Wall |
| 17:57 | Build | House |
| 17:59 | Build | House |
| 18:00 | Build | House |
| 18:06 | Build | Watch Tower |
| 18:28 | Create | Unit 2626 |
| 18:29 | Create | Unit 2626 |
| 18:32 | Create | Villager (Male) |
| 19:21 | Create | Villager (Male) |
| 19:28 | Build | Mining Camp |
| 19:39 | Build | Farm |
| 19:40 | Build | Farm |
| 19:43 | Build | Farm |
| 19:46 | Build | Farm |
| 19:52 | Build | Farm |
| 20:01 | Build | Farm |
| 20:11 | Create | Villager (Male) |
| 20:15 | Build | Palisade Wall |
| 20:27 | Build | Mill |
| 20:28 | Build | Farm |
| 20:29 | Build | Farm |
| 20:30 | Build | Farm |
| 20:33 | Create | Villager (Male) |
| 20:58 | Build | Dock |
| 21:30 | Research | Castle Age |
| 21:47 | Build | Dock |
| 21:59 | Research | Gold Mining |
| 22:10 | Build | House |
| 22:10 | Build | House |
| 22:11 | Build | House |
| 22:24 | Create | Unit 2626 |
| 22:24 | Create | Unit 2626 |
| 22:32 | Build | Watch Tower |
| 23:03 | Research | Stone Mining |
| 23:07 | Build | Lumber Camp |
| 23:23 | Create | Unit 2626 |
| 23:23 | Create | Unit 2626 |
| 23:40 | Build | Stable |
| 23:41 | Build | Stable |
| 23:44 | Research | Scale Barding Armor |
| 23:47 | Build | House |
| 24:10 | Age | Castle Age |
| 24:11 | Build | Town Center |
| 24:15 | Research | War Galley (upgrade) |
| 24:22 | Create | Villager (Male) |
| 24:41 | Research | Tech 905 |
| 24:42 | Create | Demolition Raft |
| 24:56 | Create | Demolition Raft |
| 24:56 | Create | Demolition Raft |
| 24:58 | Create | Villager (Male) |
| 25:10 | Create | Villager (Male) |
| 25:19 | Create | Villager (Male) |
| 25:22 | Research | Husbandry |
| 25:23 | Research | Forging |
Match timeline
| 4:12 | SneakySalmon · first_building Dock |
| 4:36 | SneakySalmon · wall_segment Palisade Wall x1 |
| 4:37 | SneakySalmon · wall_segment Palisade Wall x1 |
| 9:15 | Fool of a Took · age_up feudal |
| 9:18 | SneakySalmon · first_building Barracks |
| 9:24 | Fool of a Took · wall_segment Stone Wall x1 |
| 9:25 | Fool of a Took · wall_segment Stone Wall x1 |
| 9:26 | Fool of a Took · wall_segment Stone Wall x1 |
| 9:27 | Fool of a Took · wall_segment Stone Wall x1 |
| 9:52 | SneakySalmon · age_up feudal |
| 10:10 | Fool of a Took · first_building Barracks |
| 10:27 | SneakySalmon · first_building Archery Range |
| 11:52 | Fool of a Took · first_building Archery Range |
| 16:33 | Fool of a Took · first_building Dock |
| 17:19 | Fool of a Took · wall_segment Palisade Wall x11 |
| 17:46 | Fool of a Took · wall_segment Palisade Wall x9 |
| 20:15 | Fool of a Took · wall_segment Palisade Wall x14 |
| 23:28 | SneakySalmon · age_up castle |
| 23:40 | Fool of a Took · first_building Stable |
| 24:10 | Fool of a Took · age_up castle |
| 27:18 | Fool of a Took · first_building Siege Workshop |
| 27:30 | SneakySalmon · first_building Siege Workshop |
| 28:23 | SneakySalmon · first_market_buy 100 wood |
| 28:27 | SneakySalmon · first_market_sell 100 food |
| 29:09 | SneakySalmon · first_building Monastery |
| 30:19 | Fool of a Took · first_building Monastery |
| 32:22 | Fool of a Took · wall_segment Palisade Wall x6 |
| 36:17 | Fool of a Took · first_building Castle |
| 41:41 | Fool of a Took · age_up imperial |
| 44:24 | SneakySalmon · resign |
[ AI ANALYSIS · 1 CREDIT ]
What really happened in this match?
Wolo.gg analyzes every decision: build order, eco, micro, common mistakes by bracket. Personalized analysis on WhatsApp or Discord in 30 seconds.
Civ guide
Shu
Perfil
SneakySalmon